 Dungeon Crawl Stone Soup version 0.21.1-1-g345015fe64 (webtiles) character file.

65 Kohma the Sneak (level 3, -3/18 HPs)
             Began as a Spriggan Assassin on June 10, 2018.
             Slain by a hobgoblin
             ... wielding a +0 club
              (4 damage)
             ... on level 3 of the Dungeon.
             The game lasted 00:12:18 (1816 turns).

Kohma the Sneak (Spriggan Assassin)                 Turns: 1816, Time: 00:12:19

Health: -3/18      AC:  0    Str:  8    XL:     3   Next: 92%
Magic:  4/4        EV: 16    Int: 12    God:
Gold:   44         SH:  0    Dex: 17    Spells: 2/2 levels left

rFire    . . .     SeeInvis +   (weapon currently unavailable)
rCold    . . .     Gourm    .   (shield currently unavailable)
rNeg     . . .     Faith    .   (armour currently unavailable)
rPois    .         Spirit   .   (helmet currently unavailable)
rElec    .         Reflect  .   (cloak currently unavailable)
rCorr    .         Harm     .   (gloves unavailable)
MR       .....                  (boots unavailable)
Stlth    +++.......             (no amulet)
HPRegen  0.06/turn              (ring currently unavailable)
MPRegen  0.09/turn              (ring currently unavailable)

@: about to teleport, pig-form, very quick
A: small, unfitting armour, see invisible, herbivore, slow metabolism 2
a: no special abilities


You were on level 3 of the Dungeon.
You were not hungry.
You were a filthy swine.
You visited 1 branch of the dungeon, and saw 3 of its levels.

You collected 44 gold pieces.

Inventory:

Hand Weapons
 a - a +2 dagger (melded)
 b - a +0 blowgun
 l - a cursed -2 whip
Missiles
 f - 2 curare-tipped needles
Armour
 c - a +0 robe (melded)
 d - a +0 cloak (melded)
Jewellery
 j - a +3 ring of protection {unknown}
Wands
 m - a wand of enslavement (11)
Scrolls
 h - a scroll of magic mapping
 i - a scroll of enchant armour {unknown}
 k - a scroll of identify
 n - a scroll of immolation {unknown}
 o - a scroll of remove curse {unknown}
 p - a scroll of fear {unknown}
 q - a scroll of random uselessness {unknown}
Potions
 r - 3 potions of might
Comestibles
 g - 4 rations


   Skills:
 * Level 2.3 Fighting
 + Level 2.7 Short Blades
 + Level 2.5 Throwing
 * Level 3.5 Dodging
 - Level 5.8 Stealth


You had 2 spell levels left.
You didn't know any spells.

Dungeon Overview and Level Annotations

Branches:
Dungeon (3/15)

Altars:
Fedhas
Kikubaaqudgha

Annotations:
D:3 Ijyb


Innate Abilities, Weirdness & Mutations

You are very small and have problems with some larger weapons.
You are too small for most types of armour.
You have supernaturally acute eyesight. (SInv)
You are a herbivore.
((You cover ground extremely quickly.))
You need consume almost no food.


Message History

The hobgoblin is lightly wounded.
The hobgoblin completely misses you. The goblin completely misses you.
As you read the scroll labeled VEHOAJ SERYIVOEZI, it crumbles to dust.
You feel aware of your surroundings.
It was a scroll of magic mapping.
Ijyb hits you but does no damage.
As you read the scroll labeled SIDDUL GUAHA, it crumbles to dust.
It is a scroll of identify.
r - 3 potions of might The hobgoblin closely misses you.
Ijyb completely misses you. The goblin hits you with a club.
* * * LOW HITPOINT WARNING * * *
Unknown command.
As you read the scroll labeled YLOUFE XOHINIRCH, it crumbles to dust.
You feel strangely unstable.
It was a scroll of teleportation.
Ijyb barely misses you. The hobgoblin barely misses you.
The goblin closely misses you.
Ijyb zaps a wand.
You turn into a filthy swine.
Your +2 dagger melds into your body.
Your +0 cloak melds into your body.
Your +0 robe melds into your body.
The hobgoblin hits you with a club.
You die...

#.........[..(#.#,*,*,,,
#.......###..(..#,*,,,*,
#.......# #...#**,*****,
#8.....8# **,,,,,,,,,,,,
#.......# *,,,,*,******
#8.....8# *,,,,*,*
#.....gg#***,,*,*,*
#8...gg8#,,,,,,,*,*
#....ggh#,,,,****,* ****
#8...Sg8#,,,,,,,,,* *,,,
#..(....#,,,,****** *,,,
#########,,,*********,,,
*******
*,,,,,,,,,,,,,,,,,*,,,
*,,,,,*
*,,,,,*,,,*******,*,,,
*,,,,,* *,,,,,*****
*,*,,,
*,,,,,******,,,,,*
*,*,,,
*,,,,,,,,,,,,*****
*,****


You could see Ijyb, an adder, a hobgoblin and 5 goblins.

Vanquished Creatures
  An adder (D:3)
  5 dart slugs
  A leopard gecko (D:3)
  6 bats
  4 giant cockroaches
  6 goblins
  5 hobgoblins
  10 kobolds
  4 rats (D:1)
42 creatures vanquished.

Notes
Turn   | Place    | Note
-------+----------+-------------------------------------------
     0 | D:1      | Kohma the Spriggan Assassin began the quest for the Orb.
     0 | D:1      | Reached XP level 1. HP: 10/10 MP: 2/2
   196 | D:1      | Reached XP level 2. HP: 15/15 MP: 3/3
   548 | D:1      | Reached XP level 3. HP: 18/18 MP: 4/4
  1148 | D:2      | Found a blossoming altar of Fedhas.
  1148 | D:2      | Found an ancient bone altar of Kikubaaqudgha.
  1790 | D:3      | Noticed Ijyb
  1816 | D:3      | Slain by a hobgoblin

Skill      XL: |  1  2  3 |
---------------+----------+-----
Dodging        | 2 3 |  3.5
Fighting       | 2 |  2.3
Short Blades   | |  2.7
Throwing       | |  2.5
Stealth        | |  5.8

Action                   || total
-------------------------++-------
Melee: Dagger            ||   125
 Fire: Blowgun           ||    41
  Use: Scroll            ||     3
 Stab: Sleeping          ||     2
Armor: Robe              ||    20
Dodge: Dodged            ||   121
